 Dungeon Crawl Stone Soup version 0.28-a0-1382-g92835e5c71 (webtiles) character file.

Game seed: 15737993315326656916

1267 Deminshera the Sneak (level 8, -4/46 HPs)
             Began as a Kobold Brigand on Jan 1, 2022.
             Was a Believer of Uskayaw.
             Killed from afar by a steam dragon (21 damage)
             ... with a ball of steam
             ... on level 6 of the Dungeon.
             The game lasted 00:07:19 (7712 turns).

Deminshera the Sneak (Kobold Brigand)               Turns: 7712, Time: 00:07:20

Health: -4/46      AC:  6    Str: 11    XL:     8   Next: 82%
Magic:  12/12      EV: 13    Int: 12    God:    Uskayaw [**....]
Gold:   198        SH:  6    Dex: 16    Spells: 7/7 levels left

rFire   . . .      SeeInvis .   b - +9 mace "Satin" {freeze, rElec rC++ Stlth-}
rCold   + + .      Faith    +   p - +0 buckler
rNeg    . . .      Spirit   .   v - +0 troll leather armour
rPois   .          Reflect  .   y - +0 helmet
rElec   +          Harm     .   c - +0 cloak
rCorr   .          Rampage  .   (no gloves)
Will    .....                   (no boots)
Stlth   +++.......              z - amulet of faith
HPRegen 0.95/turn               (no ring)
MPRegen 0.13/turn               (no ring)

@: no status effects
A: small, no large weapons, nightstalker 3
a: Renounce Religion, Stomp, Line Pass


You were on level 6 of the Dungeon.
You worshipped Uskayaw.
Uskayaw was noncommittal.
You visited 2 branches of the dungeon, and saw 7 of its levels.

You collected 198 gold pieces.

Inventory:

Hand Weapons
 a - a +2 dagger
 b - the +9 mace "Satin" (weapon) {freeze, rElec rC++ Stlth-}
   (You found it on level 3 of the Dungeon)

   It freezes those it strikes, dealing additional cold damage.
   It can also slow down cold-blooded creatures.
   rC:        It greatly protects you from cold.
   rElec:     It insulates you from electricity.
   Stlth:     It makes you less stealthy.
 r - a +1 short sword of holy wrath
 w - the +4 mace "Giantslayer" {vamp, Fly rPois}
   (You found it on level 3 of the Dungeon)

   It occasionally heals its wielder for a portion of the damage dealt when it
   wounds a living foe.
   rPois:     It protects you from poison.
   Fly:       It grants you flight.
Missiles
 d - 14 poisoned darts (quivered)
 e - 2 curare-tipped darts
 t - a throwing net
Armour
 c - a +0 cloak (worn)
 p - a +0 buckler (worn)
 v - a +0 troll leather armour (worn)
 y - a +0 helmet (worn)
Jewellery
 z - an amulet of faith (around neck)
Wands
 B - a wand of iceblast (5)
 C - a wand of flame (26)
 D - a wand of acid (10)
Scrolls
 f - 6 scrolls of immolation {unknown}
 g - a scroll of vulnerability {unknown}
 h - 2 scrolls of fear {unknown}
 k - 2 scrolls of teleportation {unknown}
 m - 3 scrolls of identify {unknown}
 q - a scroll of fog {unknown}
Potions
 i - 3 potions of heal wounds {unknown}
 j - 4 potions of curing
 l - a potion of flight {unknown}
 n - a potion of cancellation {unknown}
 o - a potion of degeneration {unknown}
 s - 2 potions of mutation {unknown}
 u - a potion of lignification {unknown}
 x - a potion of magic {unknown}
 A - a potion of invisibility {unknown}
 E - a potion of ambrosia {unknown}


   Skills:
 - Level 3.1 Fighting
 - Level 3.7 Short Blades
 - Level 4.0 Throwing
 - Level 1.2 Dodging
 - Level 6.1 Stealth
 - Level 5.6 Shields
 + Level 5.8 Invocations


You had 7 spell levels left.
You didn't know any spells.
Your spell library contained the following spells:

 Spells                   Type           Power      Damage    Failure   Level
 Static Discharge         Conj/Air       0%         N/A       54%         2
 Gell's Gravitas          Tloc           0%         N/A       78%         3
 Lesser Beckoning         Tloc           0%         N/A       78%         3
 Teleport Other           Tloc           0%         N/A       78%         3
 Lightning Bolt           Conj/Air       0%         1d11      100%        5
 Maxwell's Capacitive Co  Air            0%         ∞         100%        8


Dungeon Overview and Level Annotations

Branches:
Dungeon (6/15)             Temple (1/1) D:4

Altars:
Ashenzari
Cheibriados
Gozag
Hepliaklqana
Kikubaaqudgha
Makhleb
Nemelex Xobeh
Okawaru
Qazlal
Ru
Sif Muna
Trog
Uskayaw
Vehumet
Wu Jian
Xom
Zin
The Shining One

Shops:
D:1 :

Annotations:
D:4 2 transporters


Innate Abilities, Weirdness & Mutations

You are small and have problems with some larger weapons.
You are completely attuned to the shadows.


Message History

There are monsters nearby!
You sock the bullfrog skeleton!
The bullfrog skeleton is moderately damaged.
The steam dragon hisses angrily.
You block the bullfrog skeleton's attack.
The steam dragon breathes steam at you. The ball of steam hits you!!
The bullfrog skeleton hits you but does no damage.
The bullfrog skeleton is engulfed in a cloud of scalding steam.
The bullfrog skeleton hits you but does no damage.
You hit the bullfrog skeleton.
The bullfrog skeleton is severely damaged.
The bullfrog skeleton hits you.
The bullfrog skeleton closely misses you.
You sock the bullfrog skeleton! You freeze the bullfrog skeleton.
You destroy the bullfrog skeleton!
You hit the steam dragon. You freeze the steam dragon.
The steam dragon is moderately wounded.
You block the steam dragon's attack. The steam dragon misses you.
You can now pass through a line of other dancers.
You closely miss the steam dragon.
The steam dragon is moderately wounded.
The steam dragon breathes steam at you. The ball of steam hits you!
The steam dragon misses you. The steam dragon barely misses you.
You block the steam dragon's attack. x2
The steam dragon barely misses you. You block the steam dragon's attack.
You hit the steam dragon. You freeze the steam dragon.
The steam dragon is moderately wounded.
The steam dragon closely misses you. You block the steam dragon's attack.
You hit the steam dragon. You freeze the steam dragon.
The steam dragon is heavily wounded.
The steam dragon misses you.
The steam dragon claws you but does no damage.
The steam dragon bites you. The steam dragon closely misses you.
You hit the steam dragon. You freeze the steam dragon.
The steam dragon is severely wounded.
The steam dragon breathes steam at you. The ball of steam hits you!!
You die...

.. ... #######
.D.####(....#####
.§.......#......#
.........#......#
.........#.......
......@D........#
...#######......#
......####.######
............ .
#.##.##.### #
#.##.........
#.####
#....#.###..#
#....# ###...# .
#####[# #.....#


You could see a steam dragon (catching breath).

Vanquished Creatures
  A water moccasin (D:6)
  An ice beast (D:4)
  An ogre (D:4)
  2 necrophages (D:6)
  A phantom (D:5)
  A water moccasin zombie (D:6)
  2 scorpions
  A howler monkey (D:5)
  2 bullfrog zombies (D:6)
  A centaur skeleton (D:5)
  Crazy Yiuf (D:3)
  A bullfrog skeleton (D:6)
  2 hounds
  4 orc wizards
  An iguana (D:4)
  2 hound skeletons (D:4)
  2 howler monkey skeletons
  4 adders
  2 ufetubi
  2 worms
  6 dart slugs
  9 orcs
  7 endoplasms
  2 giant cockroaches
  9 goblins
  7 hobgoblins
  10 jackals
  4 quokkas
  7 ball pythons
  5 bats
  6 frilled lizards
  6 kobolds
  7 rats
119 creatures vanquished.

Vanquished Creatures (others)
  An orc wizard (D:3)
1 creature vanquished.

Grand Total: 120 creatures vanquished

Notes
Turn   | Place    | Note
-------+----------+-------------------------------------------
     0 | D:1      | Deminshera the Kobold Brigand began the quest for the Orb.
     0 | D:1      | Reached XP level 1. HP: 12/12 MP: 1/1
   353 | D:1      | Found Itifyo's Book Boutique.
   681 | D:1      | Reached XP level 2. HP: 18/18 MP: 2/2
  1350 | D:1      | Reached XP level 3. HP: 22/22 MP: 3/3
  2525 | D:1      | Reached skill level 6 in Stealth
  2814 | D:2      | Reached XP level 4. HP: 28/28 MP: 4/4
  3795 | D:3      | Reached XP level 5. HP: 21/32 MP: 5/5
  4546 | D:3      | Found a faded altar of an unknown god.
  4547 | D:3      | Found a bloodstained altar of Trog.
  4755 | D:3      | Found a runed translucent door.
  4758 | D:3      | Noticed Crazy Yiuf
  4770 | D:3      | Killed Crazy Yiuf
  4771 | D:3      | Reached skill level 1 in Shields
  4800 | D:3      | Found a shimmering blue altar of Sif Muna.
  4817 | D:3      | Identified the +3 mace "Ziubb" {vorpal, rF- rN+ rCorr}
  4818 | D:3      | Identified the +9 mace "Satin" {freeze, rElec rC++ Stlth-}
  4820 | D:3      | Identified the +4 mace "Giantslayer" {vamp, Fly rPois}
  5045 | D:3      | Reached XP level 6. HP: 37/37 MP: 6/6
  5341 | D:4      | Noticed an orc warrior
  5342 | D:4      | Noticed a two-headed ogre
  5350 | D:4      | Found a transporter.
  5363 | D:4      | Found a transporter.
  5440 | D:4      | Found a radiant altar of Vehumet.
  5445 | D:4      | Found a faded altar of an unknown god.
  5447 | D:4      | Found a faded altar of an unknown god.
  5448 | D:4      | Found a snail-covered altar of Cheibriados.
  5453 | D:4      | Found a stormy altar of Qazlal.
  5521 | D:4      | Noticed an ogre
  5526 | D:4      | Killed an ogre
  5531 | D:4      | Reached XP level 7. HP: 28/41 MP: 7/7
  5929 | D:4      | Found an iron altar of Okawaru.
  6088 | D:4      | Found a staircase to the Ecumenical Temple.
  6110 | Temple   | Entered the Ecumenical Temple
  6172 | Temple   | Became a worshipper of Uskayaw the Reveller
  6234 | D:4      | Reached * piety under Uskayaw
  6238 | D:4      | Reached ** piety under Uskayaw
  6566 | D:5      | Entered Level 5 of the Dungeon
  6680 | D:5      | Reached *** piety under Uskayaw
  6682 | D:5      | Reached **** piety under Uskayaw
  6803 | D:5      | Reached skill level 5 in Shields
  6853 | D:5      | Reached skill level 1 in Invocations
  6910 | D:5      | Reached XP level 8. HP: 46/46 MP: 7/9
  6955 | D:5      | Found a shimmering altar of Xom.
  6956 | D:5      | Found a hazy altar of Hepliaklqana.
  6958 | D:5      | Noticed a spectral ugly thing
  7622 | D:6      | Reached skill level 5 in Invocations
  7712 | D:6      | Killed from afar by a steam dragon

Illustrated notes

Levels and vault maps discovered:
D:1:      amcnicky_arrival_double_pillar, layout_basic, serial_shops,
          nicolae_shop_advertising_works [nicolae_subvault_shop_adworks],
          minmay_cut_off
D:2:      layout_basic, chequers_serial_rivers_small_3
D:3:      layout_rooms, nicolae_overflow_ecumenical_swirl, led_sif_book,
          uniq_crazy_yiuf_cottage
D:4:      layout_loops_ring, gammafunk_temple_overflow_arena,
          chequers_temple_overflow_minitemple, minmay_temple_entry_overgrown,
          st_stairs_1
D:5:      layout_basic, regret_index_temple_of_mockery
D:6:      layout_basic
Temple:   eino_wide_crystal_templ

Skill      XL: |  1  2  3  4  5  6  7  8 |
---------------+-------------------------+-----
Short Blades   | 3 |  3.7
Fighting       | 3 |  3.1
Stealth        | 6 |  6.1
Throwing       | 3 4 |  4.0
Shields        | 2 3 5 |  5.6
Invocations    | 2 5 |  5.8
Dodging        | |  1.2

Action                   |  1- 3 |  4- 6 |  7- 9 || total
-------------------------+-------+-------+-------++-------
Melee: Dagger            |   104 |    98 |       ||   202
       Mace              |       |    29 |    93 ||   122
Throw: Dart              |    12 |    13 |       ||    25
 Stab: Sleeping          |    15 |    20 |    13 ||    48
       Distracted        |       |     1 |     2 ||     3
       Paralysed         |       |       |     5 ||     5
Armor: Robe              |    29 |    15 |       ||    44
       Troll leather arm |       |     4 |    23 ||    27
Dodge: Dodged            |    86 |    71 |    46 ||   203
Block: Buckler           |       |    17 |    26 ||    43

Table legend: (Time is in decaauts)
 A = Elapsed time spent in this place.
 B = Non-inter-level travel time spent in this place.
 C = Inter-level travel time spent in this place.
 D = Time resting spent in this place.
 E = Time spent auto-exploring this place.
 F = Levels seen in this place.
 G = Mean time per level.
                   A        B        C        D        E       F      G
               +--------+--------+--------+--------+--------+-----+--------+
         Total |   7730 |   7605 |    125 |   2591 |   3897 |   7 | 1104.3 |
       Dungeon |   7655 |   7541 |    114 |   2591 |   3855 |   6 | 1275.8 |
        Temple |     74 |     63 |     11 |      0 |     42 |   1 |   74.0 |
               +--------+--------+--------+--------+--------+-----+--------+

Top non-repeatable levels by time:
     D:1: 2696 daAuts
     D:2: 1474 daAuts
     D:4: 1250 daAuts
     D:3: 1061 daAuts
     D:5: 833 daAuts
     D:6: 339 daAuts
  Temple: 74 daAuts
